 Dungeon Crawl Stone Soup version 0.23-b1-49-g13d5857 (webtiles) character file.

Game seed: 3956397541746195842

38 Kairos the Sneak (level 3, -4/18 HPs)
             Began as a Vine Stalker Assassin on Feb 3, 2019.
             Slain by a worm (5 damage)
             ... on level 2 of the Dungeon.
             The game lasted 00:02:10 (1297 turns).

Kairos the Sneak (Vine Stalker Assassin)            Turns: 1297, Time: 00:02:12

Health: -4/18      AC:  3    Str: 14    XL:     3   Next: 43%
Magic:  0/4        EV: 11    Int: 11    God:
Gold:   61         SH:  0    Dex: 15    Spells: 2/2 levels left

rFire    . . .     SeeInvis .   n - +2 short sword (vamp)
rCold    + . .     Gourm    .   (no shield)
rNeg     . . .     Faith    .   c - +0 robe
rPois    .         Spirit   +   (no helmet)
rElec    .         Reflect  .   d - +0 cloak
rCorr    .         Harm     .   (no gloves)
MR       .....                  (no boots)
Stlth    +++.......             (no amulet)
HPRegen  0.06/turn              i - ring of protection from cold
MPRegen  0.09/turn              (no ring)

@: no status effects
A: fangs 2, magic shield, antimagic bite, no potion heal 3, rot immunity
a: no special abilities


You were on level 2 of the Dungeon.
You were very hungry.

You visited 1 branch of the dungeon, and saw 2 of its levels.

You collected 61 gold pieces.

Inventory:

Hand Weapons
 a - a +2 dagger
 b - a +0 blowgun
 n - a +2 vampiric short sword (weapon)
Missiles
 e - 8 poisoned needles
 f - 2 curare-tipped needles
Armour
 c - a +0 robe (worn)
 d - a +0 cloak (worn)
Jewellery
 i - a ring of protection from cold (left hand)
Scrolls
 h - a scroll of noise {unknown}
 j - 2 scrolls of remove curse {unknown}
 k - a scroll of teleportation {unknown}
 m - 2 scrolls of identify {unknown}
Potions
 g - 3 potions of might {unknown}
 l - 2 potions of berserk rage {unknown}
 p - a potion of lignification {unknown}
Comestibles
 o - 3 rations


   Skills:
 + Level 1.8 Fighting
 + Level 2.3 Short Blades
 + Level 1.7 Throwing
 + Level 0.8 Dodging
 + Level 5.9 Stealth


You had 2 spell levels left.
You didn't know any spells.
Your spell library was empty.

Dungeon Overview and Level Annotations

Branches:
Dungeon (2/15)

Altars:
Cheibriados


Innate Abilities, Weirdness & Mutations

You have extremely sharp teeth.
When hurt, damage is shared between your health and your magic reserves.
Your bite disrupts and absorbs the magic of your enemies.
Potions cannot restore your health.
You are immune to rotting.


Message History

The bat hits you but does no damage. The worm bites you.
You are too injured to fight recklessly!
You are too injured to fight recklessly!
You are too injured to fight recklessly!
You hit the worm.
You feel better.
The worm is moderately wounded.
The bat hits you but does no damage.
You hit the worm.
You feel better.
The worm is heavily wounded.
The bat closely misses you. The worm bites you!
* * * LOW HITPOINT WARNING * * *
You hit the worm. Your bite misses the worm.
The worm is heavily wounded.
The bat misses you.
You hit the worm. Your bite misses the worm.
The worm is severely wounded.
The bat hits you.
* * * LOW HITPOINT WARNING * * *
The worm bites you.
You die...

#.###.# #.###.###### ..
####.##.......# .#
#..(.##..####.# .# #
#.##.##..####.##.# .#
#...........>..#.###..#
#.._..#...............#
##...##...###.........#
######...# #$.@b.....#
#........)w......
#.#.###.......... #.#.#
#....#....# .#.#
#.#####...# #. ...# ##
#.# ..


You could see a worm and a bat.

Vanquished Creatures
  An ooze (D:1)
  A dart slug (D:2)
  A leopard gecko (D:1)
  A bat (D:1)
  3 giant cockroaches (D:1)
  3 goblins (D:1)
  3 hobgoblins
  3 jackals (D:1)
  6 kobolds
  A ball python (D:1)
  2 frilled lizards
  3 rats
28 creatures vanquished.

Notes
Turn   | Place    | Note
-------+----------+-------------------------------------------
     0 | D:1      | Kairos the Vine Stalker Assassin began the quest for the
                  | Orb.
     0 | D:1      | Reached XP level 1. HP: 11/11 MP: 2/2
    83 | D:1      | Reached skill level 5 in Stealth
   120 | D:1      | Reached XP level 2. HP: 8/15 MP: 1/3
   589 | D:1      | Reached XP level 3. HP: 17/18 MP: 4/4
  1266 | D:2      | Found a snail-covered altar of Cheibriados.
  1297 | D:2      | Slain by a worm

Skill      XL: |  1  2 |
---------------+-------+-----
Stealth        | 5 |  5.9
Short Blades   | 2 |  2.3
Fighting       | |  1.8
Throwing       | |  1.7
Dodging        | |  0.8

Action                   || total
-------------------------++-------
Melee: Dagger            ||    17
       Bite              ||    11
       Short sword       ||    52
 Stab: Sleeping          ||    10
  Eat: Ration            ||     1
       Chunk             ||     1
Armor: Robe              ||    16
Dodge: Dodged            ||    27
